 Dungeon Crawl Stone Soup version 0.30-a0-424-g7412bad402 (webtiles) character file.

Game seed: 3344161762526644264

13763 cforsyth the Fighter (level 11, -6/107 HPs)
             Began as a Minotaur Berserker on Dec 9, 2022.
             Was a High Priest of Trog.
             Mangled by an elephant (12 damage)
             ... on level 1 of the Lair of Beasts.
             The game lasted 00:26:29 (11258 turns).

cforsyth the Fighter (Minotaur Berserker)          Turns: 11258, Time: 00:26:30

Health: -6/107     AC: 14    Str: 25    XL:     11   Next: 79%
Magic:  10/10      EV: 12    Int:  4    God:    Trog [*****.]
Gold:   718        SH:  0    Dex: 13    Spells: 10/10 levels left

rFire   . . .      SeeInvis .    h - +5 halberd
rCold   + . .      Faith    .    (shield currently unavailable)
rNeg    . . .      Spirit   .    M - +0 ring mail {rC+}
rPois   .          Reflect  .    (helmet restricted)
rElec   .          Harm     .    x - +0 cloak
rCorr   .          Rampage  .    G - +2 pair of gloves
Will    ++...                    p - +0 pair of boots
Stlth   ++........               (no amulet)
HPRegen 1.37/turn                (no ring)
MPRegen 0.12/turn                (no ring)

@: about to teleport, strong-willed (expiring), on berserk cooldown,
regenerating (expiring), slowed, very slow
A: horns 2, retaliatory headbutt, thin skeletal structure 1, MP-powered wands
a: Renounce Religion, Berserk, Trog's Hand, Brothers in Arms


You were on level 1 of the Lair of Beasts.
You worshipped Trog.
Trog was extremely pleased with you.
You visited 2 branches of the dungeon, and saw 13 of its levels.
You also visited: Ossuary.

You collected 905 gold pieces.
You spent 187 gold pieces at shops.

Inventory:

Hand Weapons
 h - a +5 halberd (weapon)
 y - a +0 glaive
 B - a +0 vorpal spear
Armour
 p - a +0 pair of boots (worn)
 u - a +2 buckler of protection
 x - a +0 cloak (worn)
 G - a +2 pair of gloves (worn)
 M - a +0 ring mail of cold resistance (worn)
Jewellery
 r - an amulet of reflection
 t - a ring of poison resistance
 w - an amulet of the acrobat
 H - a +4 ring of protection
Wands
 q - a wand of acid (26)
 A - a wand of charming (16)
Scrolls
 b - 3 scrolls of enchant weapon
 d - 2 scrolls of summoning
 i - 5 scrolls of teleportation
 k - 2 scrolls of fog
 m - 3 scrolls of noise
 o - 4 scrolls of identify
 C - 3 scrolls of enchant armour
 D - a scroll of magic mapping
 K - a scroll of immolation {unknown}
 L - a scroll of poison
Potions
 a - 2 potions of lignification {unknown}
 c - 2 potions of attraction
 f - 6 potions of curing
 g - 4 potions of heal wounds {unknown}
 j - 3 potions of haste
 n - a potion of cancellation {unknown}
 s - a potion of magic {unknown}
 v - 2 potions of degeneration {unknown}
 z - a potion of invisibility {unknown}
 E - 2 potions of berserk rage {unknown}
 F - 5 potions of flight
 I - a potion of brilliance {unknown}
 J - a potion of mutation


   Skills:
 + Level 13.2 Fighting
 + Level 13.2 Polearms
 + Level 13.0 Armour
 - Level 3.3 Dodging
 + Level 3.9 Evocations


You had 10 spell levels left.
You didn't know any spells.
Your spell library was empty.

Dungeon Overview and Level Annotations

Branches:
Dungeon (12/15)            Temple (0/1) D:4            Lair (1/5) D:8
    Orc (0/2) D:9         Ossuary (visited)

Altars:
Dithmenos
Hepliaklqana
Uskayaw
Wu Jian
The Shining One

Shops:
D:1 [   D:7 [

Portals:
Trove: D:12 (show abyssal rune of Zot)

Annotations:
D:11 1 runed translucent door, sirJeffrey23's ghost, journeyman HOFi


Innate Abilities, Weirdness & Mutations

You have a pair of horns on your head.
You reflexively headbutt those who attack you in melee.
You have a somewhat thin skeletal structure. (Dex +2, Stealth+)
You expend magic power (3 MP) to strengthen your wands.


Message History

You feel a strong urge to attack something.
The elephant tramples you.
* * * LOW HITPOINT WARNING * * *
You hold your ground!
The elephant trunk-slaps you but does no damage.
The yak gores you.
* * * LOW HITPOINT WARNING * * *
You puncture the elephant! Your headbutt misses the elephant.
The elephant is moderately wounded.
The elephant misses you.
The elephant trunk-slaps you but does no damage.
The yak gores you but does no damage.
Unknown command.
You chop the elephant into pieces!!! You headbutt the elephant!
You kill the elephant!
Trog accepts your kill.
Unknown command.
You completely miss the yak. Your headbutt misses the yak.
The yak is severely wounded.
The yak gores you!
* * * LOW HITPOINT WARNING * * *
The black mamba barely misses you.
Unknown command.
You slash the yak!
You kill the yak!
Trog accepts your kill.
You are no longer berserk.
You are exhausted.
You feel yourself slow down.
Your Armour skill increases to level 13!
As you read the scroll of teleportation, it crumbles to dust.
You feel strangely unstable.
The black mamba bites you but does no damage. x3
The elephant tramples you!
* * * LOW HITPOINT WARNING * * *
You stumble backwards!
Unknown command.
You feel the effects of Trog's Hand fading.
The elephant tramples you!
You die...

###### ######### #
#.##.###P#..##Y###.#####
............Y.SY@.......
P#..#.#+#).†Y########...
........#.†..#
.............#
#.......#....##
........#.....#
#.......#....##
#.......#....#
........#.....#


You could see 2 elephants, a black mamba and 2 yaks.

Vanquished Creatures
  A two-headed ogre (D:10)
  Pikel (D:4)
  An ugly thing (D:12)
  2 manticores (D:12)
  A cyclops (D:11)
  Maurice (D:8)
  Joseph (D:7)
  4 elephants (Lair:1)
  An unseen horror (D:11)
  Maggie (D:7)
  2 kobold demonologists
  4 trolls
  Grinder (D:6)
  A hornet (D:8)
  2 wraiths
  8 yaks
  A wyvern (D:10)
  2 vampire mosquitoes (D:12)
  Grum (D:9)
  A steam dragon (D:6)
  Menkaure (D:5)
  2 water moccasins
  2 orc warriors (D:9)
  5 ice beasts
  2 wolves (D:9)
  4 centaurs
  3 phantoms
  2 lemures (D:4)
  4 kobold brigands (D:10)
  Blork the orc (D:5)
  3 bullfrogs
  2 elf zombies (Ossuary)
  2 necrophages
  2 gnoll sergeants
  A scorpion (D:5)
  9 wights
  13 killer bees
  7 howler monkeys
  A centaur zombie (Ossuary)
  2 human zombies (Ossuary)
  2 hounds
  2 orc priests
  A gnoll bouda (D:4)
  An iguana (D:7)
  A jelly (D:4)
  4 orc wizards
  A hound zombie (Ossuary)
  3 mummies (Ossuary)
  17 gnolls
  8 adders
  A white imp (D:5)
  An ufetubus (D:5)
  4 adder zombies (Ossuary)
  2 worms (D:2)
  A dart slug (D:1)
  36 orcs
  5 bats
  6 endoplasms
  A giant cockroach (D:4)
  8 goblins
  7 hobgoblins
  11 jackals
  6 ball pythons
  3 frilled lizards
  2 gnoll zombies (Ossuary)
  A goblin zombie (Ossuary)
  7 hobgoblin zombies (Ossuary)
  3 jackal zombies (Ossuary)
  10 kobolds
  3 kobold zombies (Ossuary)
  5 quokka zombies (Ossuary)
  4 rats
  4 rat zombies (Ossuary)
276 creatures vanquished.

Notes
Turn   | Place    | Note
-------+----------+-------------------------------------------
     0 | D:1      | cforsyth the Minotaur Berserker began the quest for the
                  | Orb.
     0 | D:1      | Reached XP level 1. HP: 19/19 MP: 0/0
    97 | D:1      | Reached XP level 2. HP: 27/27 MP: 1/1
   117 | D:1      | Found Neman's Antique Armour Shoppe.
   839 | D:2      | Reached XP level 3. HP: 33/33 MP: 2/2
   839 | D:2      | Reached ** piety under Trog
  1192 | D:2      | Reached XP level 4. HP: 40/40 MP: 3/3
  2065 | D:4      | Found a staircase to the Ecumenical Temple.
  2067 | D:4      | Reached XP level 5. HP: 47/47 MP: 4/4
  2072 | D:4      | Noticed a water moccasin
  2089 | D:4      | Gained mutation: You are weak. (Str -2) [potion of
                  | mutation]
  2089 | D:4      | Gained mutation: You are clumsy. (Dex -2) [potion of
                  | mutation]
  2089 | D:4      | Gained mutation: You passively dampen the noise of your
                  | surroundings. [potion of mutation]
  2093 | D:4      | Killed a water moccasin
  2094 | D:4      | Reached skill level 5 in Fighting
  2094 | D:4      | Reached skill level 5 in Polearms
  2123 | D:4      | Reached XP level 6. HP: 15/56 MP: 5/5
  2487 | D:4      | Found a sand-covered staircase.
  2492 | Ossuary  | Entered an ossuary
  2523 | Ossuary  | Reached *** piety under Trog
  2587 | Ossuary  | Reached skill level 5 in Armour
  2645 | Ossuary  | Reached XP level 7. HP: 63/63 MP: 6/6
  2902 | Ossuary  | Reached **** piety under Trog
  2926 | Ossuary  | Lost mutation: You are weak. (Str -2) [potion of mutation]
  2926 | Ossuary  | Lost mutation: You are clumsy. (Dex -2) [potion of
                  | mutation]
  2926 | Ossuary  | Gained mutation: You have hidden genetic defects. [potion
                  | of mutation]
  2926 | Ossuary  | Gained mutation: You are agile. (Dex +4, Str/Int -1)
                  | [potion of mutation]
  2970 | D:4      | Found a hazy altar of Hepliaklqana.
  3115 | D:4      | Gained mutation: You are occasionally teleported next to
                  | monsters. [hidden defects]
  3245 | D:4      | Noticed Pikel
  3274 | D:4      | Killed Pikel
  3275 | D:4      | Reached XP level 8. HP: 27/73 MP: 7/7
  3281 | D:4      | Gained mutation: You are weak. (Str -2) [hidden defects]
  3281 | D:4      | Lost mutation: You have hidden genetic defects. [hidden
                  | defects expressed]
  3584 | D:4      | Found a hide-covered altar of Uskayaw.
  3585 | D:4      | Noticed a +0 dagger
  3585 | D:4      | Noticed a +0 hand axe
  3879 | D:5      | Entered Level 5 of the Dungeon
  4070 | D:5      | Noticed Menkaure
  4190 | D:5      | Killed Menkaure
  4558 | D:5      | Found a shadowy altar of Dithmenos.
  4674 | D:5      | Noticed Blork the orc
  4683 | D:5      | Killed Blork the orc
  4955 | D:5      | Found a glowing golden altar of the Shining One.
  4961 | D:5      | Reached XP level 9. HP: 71/82 MP: 8/8
  5028 | D:5      | Found an ornate altar of the Wu Jian Council.
  5139 | D:6      | Lost mutation: You are weak. (Str -2) [potion of mutation]
  5139 | D:6      | Lost mutation: You are occasionally teleported next to
                  | monsters. [potion of mutation]
  5139 | D:6      | Lost mutation: You are agile. (Dex +4, Str/Int -1) [potion
                  | of mutation]
  5139 | D:6      | Gained mutation: You do not regenerate when monsters are
                  | visible. [potion of mutation]
  5139 | D:6      | Gained mutation: You have a somewhat thin skeletal
                  | structure. (Dex +2, Stealth+) [potion of mutation]
  5139 | D:6      | Gained mutation: A frigid envelope surrounds you and
                  | freezes all who hurt you. [potion of mutation]
  5356 | D:6      | Noticed Grinder
  5365 | D:6      | Paralysed by Grinder for 5 turns
  5367 | D:6      | Killed Grinder
  6120 | D:7      | Noticed a troll
  6127 | D:7      | Killed a troll
  6127 | D:7      | Reached ***** piety under Trog
  6128 | D:7      | Reached skill level 10 in Fighting
  6128 | D:7      | Reached skill level 10 in Polearms
  6181 | D:7      | Noticed Maggie
  6197 | D:7      | Killed Maggie
  6198 | D:7      | Reached skill level 10 in Armour
  6426 | D:7      | Reached XP level 10. HP: 94/94 MP: 9/9
  6536 | D:7      | Found Imiehecs's Antique Armour Shop.
  6536 | D:7      | Noticed Joseph
  6549 | D:7      | Killed Joseph
  6560 | D:7      | Bought a pair of glowing gloves for 187 gold pieces
  6709 | D:8      | Noticed Maurice
  6777 | D:8      | Found a staircase to the Lair.
  6814 | D:8      | Killed Maurice
  7130 | D:8      | Noticed a guardian serpent
  7140 | D:8      | Noticed a centaur warrior
  7140 | D:8      | Noticed a deep elf pyromancer
  7140 | D:8      | Noticed a centaur warrior
  7140 | D:8      | Noticed a red ugly thing
  7141 | D:8      | Noticed a manticore
  7141 | D:8      | Noticed a two-headed ogre
  8127 | D:9      | Noticed Grum
  8138 | D:9      | Killed Grum
  8915 | D:9      | Found a staircase to the Orcish Mines.
  8989 | D:10     | Entered Level 10 of the Dungeon
  9023 | D:10     | Noticed a sixfirhy
  9026 | D:10     | Noticed a sun demon
  9291 | D:10     | Reached XP level 11. HP: 96/104 MP: 10/10
  9400 | D:10     | Lost mutation: A frigid envelope surrounds you and freezes
                  | all who hurt you. [potion of mutation]
  9400 | D:10     | Lost mutation: You do not regenerate when monsters are
                  | visible. [potion of mutation]
  9400 | D:10     | Lost mutation: You passively dampen the noise of your
                  | surroundings. [potion of mutation]
  9400 | D:10     | Gained mutation: You are weak. (Str -2) [potion of
                  | mutation]
  9400 | D:10     | Lost mutation: You are weak. (Str -2) [potion of mutation]
  9400 | D:10     | Gained mutation: You expend magic power (3 MP) to
                  | strengthen your wands. [potion of mutation]
  9538 | D:10     | Noticed a two-headed ogre
  9545 | D:10     | Killed a two-headed ogre
  9546 | D:10     | Reached skill level 1 in Evocations
  9865 | D:11     | Found a runed translucent door.
  9866 | D:11     | Noticed sirJeffrey23's ghost (journeyman HOFi)
 10488 | D:12     | Found a portal to a secret trove of treasure.
 11014 | D:12     | Noticed a cyan ugly thing
 11031 | D:12     | Killed a cyan ugly thing
 11163 | Lair:1   | Entered Level 1 of the Lair of Beasts
 11240 | Lair:1   | Received a gift from Trog
 11256 | Lair:1   | HP: 1/107 [elephant (14)]
 11258 | Lair:1   | Mangled by an elephant

Illustrated notes

Levels and vault maps discovered:
D:1:      minmay_arrival_hallway, layout_basic, serial_shops, shop,
          minmay_misc_feat_hallway
D:2:      layout_basic
D:3:      layout_loops_ring, minivault_19, amcnicky_mini_pool_small
D:4:      layout_layer_cave, mainiacjoe_overflow_catwalk,
          dancing_weapons_uskayaw, minmay_temple_entry_mini_moons,
          nicolae_ossuary_entry_plus, minmay_bisected, uniq_pikel
D:5:      layout_basic, mainiacjoe_overflow_swirl,
          nicolae_tso_swordbearing_angel, minmay_misc_feat_five, uniq_menkaure,
          uniq_blork_the_orc
D:6:      layout_basic, uniq_grinder
D:7:      layout_basic, kennysheep_small_square, uniq_joseph, uniq_maggie
D:8:      layout_rooms, lair_entry_dummy, minivault_12, uniq_maurice
D:9:      layout_layer_cave, hiddenorc1_lemuel, uniq_grum
D:10:     layout_rooms, palyth_stone_intersect
D:11:     layout_cave_pools, ebering_ghost_reflecting_pool
D:12:     layout_cave_pools, enter_trove_2, gauntlet_entry_generic
Lair:1:   layout_regular_city, nicolae_lair_grazing_beasts
          [nicolae_sub_lair_graze_edge, nicolae_sub_lair_graze_edge,
          nicolae_sub_lair_graze_edge, nicolae_sub_lair_graze_edge], uniq_fannar

Skill      XL: |  1  2  3  4  5  6  7  8  9 10 11 |
---------------+----------------------------------+-----
Fighting       | 4 5 6 7 8 10 12 13 | 13.2
Polearms       | 4 5 6 7 8 10 12 13 | 13.2
Armour         | 3 4 5 7 8 10 11 13 | 13.0
Dodging        | 3 |  3.3
Evocations     | 3 |  3.9

Action                   |  1- 3 |  4- 6 |  7- 9 | 10-12 || total
-------------------------+-------+-------+-------+-------++-------
Melee: Spear             |   100 |   209 |   374 |    97 ||   780
       Headbutt          |    12 |    31 |    73 |    53 ||   169
       Halberd           |       |       |       |   205 ||   205
Invok: Trog's Hand       |       |     2 |       |     2 ||     4
       Berserk           |       |     1 |     1 |     2 ||     4
  Use: Scroll            |       |     8 |       |     7 ||    15
       Potion            |       |     8 |     2 |     1 ||    11
 Stab: Sleeping          |       |       |     2 |     4 ||     6
Armor: Animal skin       |     9 |       |       |       ||     9
       Ring mail         |    11 |   104 |   105 |    97 ||   317
Dodge: Dodged            |    36 |   137 |   131 |   122 ||   426
Block: Buckler           |       |    55 |    66 |     8 ||   129

Table legend: (Time is in decaauts)
 A = Elapsed time spent in this place.
 B = Non-inter-level travel time spent in this place.
 C = Inter-level travel time spent in this place.
 D = Time resting spent in this place.
 E = Time spent auto-exploring this place.
 F = Levels seen in this place.
 G = Mean time per level.
                   A        B        C        D        E       F      G
               +--------+--------+--------+--------+--------+-----+--------+
         Total |  11104 |  10757 |    347 |   1145 |   7587 |  14 |  793.1 |
       Dungeon |  10592 |  10246 |    346 |   1145 |   7316 |  12 |  882.7 |
          Lair |     86 |     86 |      0 |      0 |     54 |   1 |   86.0 |
       Ossuary |    425 |    425 |      0 |      0 |    217 |   1 |  425.0 |
               +--------+--------+--------+--------+--------+-----+--------+

Top non-repeatable levels by time:
     D:9: 1640 daAuts
     D:4: 1340 daAuts
    D:11: 1271 daAuts
     D:3: 1085 daAuts
     D:5: 883 daAuts
     D:6: 847 daAuts
     D:8: 746 daAuts
     D:1: 717 daAuts
    D:10: 693 daAuts
     D:7: 659 daAuts
     D:2: 558 daAuts
 Ossuary: 425 daAuts
    D:12: 147 daAuts
  Lair:1: 86 daAuts
